 Dungeon Crawl Stone Soup version 0.30-a0-1094-g860fb061e7 (webtiles) character file.

Game seed: 18123320916657040256

2 Esekla the Sneak (level 1, 16/16 HPs)
             Began as an Octopode Delver on Apr 17, 2023.
             Quit the game on level 5 of the Dungeon.
             The game lasted 00:01:39 (143 turns).

Esekla the Sneak (Octopode Delver)                   Turns: 143, Time: 00:01:39

Health: 16/16      AC:  1    Str: 11    XL:     1   Next: 30%
Magic:  1/1        EV: 13    Int: 12    God:
Gold:   28         SH:  0    Dex: 13    Spells: 0/0 levels left

rFire   . . .      SeeInvis .    a - +0 falchion
rCold   . . .      Faith    .    (no shield)
rNeg    . . .      Spirit   .    (helmet restricted)
rPois   .          Reflect  .    (no amulet)
rElec   .          Rampage  .    (no ring)
rCorr   .                        (no ring)
Will    .....                    (no ring)
Stlth   ++++                     (no ring)
HPRegen 0.22/turn                (no ring)
MPRegen 0.07/turn                (no ring)
                                 (no ring)
                                 (no ring)

@: no status effects
A: almost no armour, amphibious, 8 rings, camouflage 1, gelatinous body 1,
(nimble swimmer 1), tentacles
a: no special abilities


You were on level 5 of the Dungeon.
You visited 1 branch of the dungeon, and saw 1 of its levels.

You collected 28 gold pieces.

Inventory:

Hand Weapons
 a - a +0 falchion (weapon)
Wands
 f - a wand of digging (3)
Scrolls
 b - a scroll of fog
Potions
 e - a potion of haste
 g - a potion of curing {unknown}


   Skills:
 * Level 3.0 Fighting
 * Level 2.0 Long Blades
 * Level 2.0 Dodging
 + Level 6.6 Stealth
 * Level 0.1 Necromancy


You couldn't memorise any spells.
You didn't know any spells.
Your spell library contained the following spells:

 Spells                   Type           Power      Damage    Failure   Level
 Slow                     Hex            0%         N/A       32%         1
 Vampiric Draining        Necr           0%         2d6       67%         3
 Confusing Touch          Hex            0%         N/A       69%         3


Dungeon Overview and Level Annotations

Branches:
Dungeon (5/15)
 Temple: D:4-7

Altars:
Okawaru
Qazlal
Uskayaw


Innate Abilities, Weirdness & Mutations

You cannot wear most types of armour.
You are amphibious.
You can wear up to eight rings at the same time.
Your skin changes colour to match your surroundings (Stealth+).
Your rubbery body absorbs attacks. (AC +1, EV +1)
((You are camouflaged when in or above water. (Stealth+)))
You have tentacles for arms and can constrict up to eight enemies at once.


Message History

Found a hide-covered altar of Uskayaw.
There is an open door here.
You close the door.
You open the door.
There is an open door here.
Found an escape hatch in the ceiling.
There is an escape hatch in the ceiling here.
Found a stormy altar of Qazlal.
There is an escape hatch in the ceiling here.
As you read the scroll of fear, it crumbles to dust.
You assume a fearsome visage.
The scorpion looks frightened!
There is an open door here.
You close the door.
You open the door.
There is an open door here.
You open the door.
There is an open door here.
You open the door.
Found a book of Debilitation.
Found 15 gold pieces.
There is an open door here.
You now have 15 gold pieces.
You pick up a book of Debilitation and begin reading...
You add the spells Slow, Vampiric Draining and Confusing Touch to your library.
You open the door.
You close the door.
An orc comes into view. It is wielding a +0 hand axe.
The orc shouts!
You open the door.
There is an open door here.
You close the door.
An orc opens the door.
You slash the orc!
You kill the orc!
Found 13 gold pieces.
Found a stone staircase leading down.
You now have 28 gold pieces (gained 13).
You open the door.
Found an iron altar of Okawaru.
Are you sure you want to abandon this character and quit the game? (Confirm with "yes".)

,#.# #..# **,** ,..#
##.## *,,* *### #..# *,,*
* #########.## *,** *
##........## *,*
#..........### *** **,*
#..........>.## *,***,,*
*#............####,,,,,**
##.........#.@'_#,,,,,,**
####..##########,,,,,,,*
#.## *,,,,,,,,* ##*
**,,,,,,** **,,,,,*
***,,** ****


There were no monsters in sight!

Vanquished Creatures
  An orc (D:5)
1 creature vanquished.

Notes
Turn   | Place    | Note
-------+----------+-------------------------------------------
     0 | D:5      | Esekla the Octopode Delver began the quest for the Orb.
     0 | D:5      | Reached XP level 1. HP: 16/16 MP: 1/1
    17 | D:5      | Noticed a scorpion
    18 | D:5      | Found a hide-covered altar of Uskayaw.
    42 | D:5      | Found a stormy altar of Qazlal.
   142 | D:5      | Found an iron altar of Okawaru.
   143 | D:5      | Quit the game

Illustrated notes

Levels and vault maps discovered:
D:5:      nicolae_cairo_tiling_very_big, layout_cave_pods,
          general_overflow_altar, kennysheep_mini, grunt_qazlal_clouds,
          minmay_misc_feat_more_columns, uniq_crazy_yiuf_cottage

Action                     || total
---------------------------++-------
  Melee: Falchion          ||     1
    Use: Scroll            ||     2

Table legend: (Time is in decaauts)
 A = Elapsed time spent in this place.
 B = Non-inter-level travel time spent in this place.
 C = Inter-level travel time spent in this place.
 D = Time resting spent in this place.
 E = Time spent auto-exploring this place.
 F = Levels seen in this place.
 G = Mean time per level.
                   A        B        C        D        E       F      G
               +--------+--------+--------+--------+--------+-----+--------+
         Total |    143 |    143 |      0 |      0 |      0 |   1 |  143.0 |
       Dungeon |    143 |    143 |      0 |      0 |      0 |   1 |  143.0 |
               +--------+--------+--------+--------+--------+-----+--------+

Top non-repeatable levels by time:
     D:5: 143 daAuts
